 Dungeon Sprint DCSS version 0.21.1-1-g345015f (webtiles) character file.

2264 wilfster70 the Fighter (level 9, -1/82 HPs)
             Began as a Demonspawn Gladiator on June 6, 2018.
             Was a High Priest of Okawaru.
             Shot with an arrow by a centaur warrior (9 damage)
             ... in the Dungeon (Sprint IX: "|||||||||||||||||||||||||||||").
             The game lasted 00:02:32 (628 turns).

wilfster70 the Fighter (Demonspawn Gladiator)        Turns: 628, Time: 00:02:32

Health: -1/82      AC: 18    Str: 20    XL:     9   Next: 16%
Magic:  9/9        EV: 15    Int: 11    God:    Okawaru [*****.]
Gold:   0          SH:  0    Dex: 17    Spells: 8/8 levels left

rFire    . . .     SeeInvis .   a - +4 quarterstaff (speed)
rCold    . . .     Gourm    .   (shield currently unavailable)
rNeg     . . .     Faith    .   l - +1 chain mail
rPois    .         Spirit   .   c - +0 helmet
rElec    .         Reflect  .   s - +0 cloak
rCorr    .         Harm     .   (no gloves)
MR       .....     NoTele   +   (no boots)
Stlth    ..........             (no amulet)
HPRegen  0.23/turn              u - +3 ring of dexterity
MPRegen  0.11/turn              v - +3 ring of strength

@: slowed, very slow
A: talons 2, yellow scales 1, demonic guardian 1
a: Heroism, Finesse, Renounce Religion


You were in the Dungeon.
You worshipped Okawaru.
Okawaru was extremely pleased with you.
You were not hungry.

You visited 1 branch

Inventory:

Hand Weapons
 a - a +4 quarterstaff of speed (weapon)
 b - a +2 rapier of electrocution
Missiles
 d - 3 throwing nets (quivered)
Armour
 c - a +0 helmet (worn)
 l - a +1 chain mail (worn)
 s - a +0 cloak (worn)
Magical Staves
 q - an uncursed staff of energy
Jewellery
 u - a +3 ring of dexterity (left hand)
 v - a +3 ring of strength (right hand)
Wands
 p - a wand of acid (10)
Scrolls
 k - 2 scrolls of blinking
 n - 3 scrolls of remove curse
 o - 2 scrolls of amnesia
Potions
 e - 4 potions of curing
 g - 2 potions of heal wounds
 h - a potion of haste
 i - 4 potions of magic
 m - a potion of invisibility
Comestibles
 f - a ration


   Skills:
 + Level 12.1 Fighting
   Level 2.6 Axes
 - Level 1.7 Throwing
 + Level 11.0 Armour
 + Level 11.3 Dodging


You had 8 spell levels left.
You didn't know any spells.

Dungeon Overview and Level Annotations

Branches:
Dungeon (1/1)

Altars:
Cheibriados
Dithmenos
Elyvilon
Fedhas
Gozag
Hepliaklqana
Kikubaaqudgha
Makhleb
Nemelex Xobeh
Okawaru
Qazlal
Ru
Sif Muna
Trog
Uskayaw
Vehumet
Wu Jian
Xom
Yredelemnul
Zin
The Shining One
Beogh
Jiyva
Lugonu


Innate Abilities, Weirdness & Mutations

You have razor-sharp toenails.
You are partially covered in yellow scales. (AC +2)
A weak demonic guardian rushes to your aid.


Message History

* * * LOW HITPOINT WARNING * * *
You hit the centaur warrior. You claw the centaur warrior.
The centaur warrior is lightly wounded.
The centaur warrior hits you but does no damage.
The centaur warrior hits you.
* * * LOW HITPOINT WARNING * * *
You swap places.
The centaur warrior wields a glowing shortbow.
It bursts into flame!
The centaur warrior shoots an arrow.
The arrow barely misses your quasit. The arrow misses you.
The centaur warrior shoots an arrow.
The arrow hits your quasit! The arrow burns your quasit.
Your quasit dies!
Things that are here:
an uncursed shortbow; 32 arrows The centaur warrior shoots an arrow.
The arrow hits your shadow imp! The arrow burns your shadow imp.
Your shadow imp dies!
The centaur warrior shoots an arrow.
The arrow hits you!
You die...

▓+▓
▓.▓
▓.▓
▓.▓
▓F▓
▓c▓
▓)▓
▓@▓
▓(▓
▓.▓
▓.▓
▓(▓
▓.▓
▓.▓
▓'▓
▓[▓


You could see a centaur warrior and a bullfrog.

Vanquished Creatures
  A centaur warrior (D)
  A two-headed ogre (D)
  A hornet (D)
  A wraith (D)
  A centaur (D)
  A hound (D)
  2 worker ants (D)
  A shadow imp (D)
  An adder zombie (D)
  A dart slug (D)
  2 leopard geckos (D)
  An orc (D)
  A bat (D)
  A jackal (D)
  A goblin (D)
  A rat (D)
18 creatures vanquished.

Vanquished Creatures (collateral kills)
  A deep elf mage (D)
  A wyvern (D)
2 creatures vanquished.

Grand Total: 20 creatures vanquished

Notes
Turn   | Place    | Note
-------+----------+-------------------------------------------
     0 | D        | wilfster70 the Demonspawn Gladiator began the quest for the Orb.
     0 | D        | Reached XP level 1. HP: 16/16 MP: 1/1
     9 | D        | Reached skill level 1 in Armour
   122 | D        | Reached skill level 3 in Fighting
   122 | D        | Gained mutation: A weak demonic guardian rushes to your aid. [demonic ancestry]
   122 | D        | Reached XP level 2. HP: 23/24 MP: 2/2
   302 | D        | Found a roughly hewn altar of Beogh.
   302 | D        | Found a snail-covered altar of Cheibriados.
   302 | D        | Found a shadowy altar of Dithmenos.
   302 | D        | Found a white marble altar of Elyvilon.
   302 | D        | Found a blossoming altar of Fedhas.
   302 | D        | Found an opulent altar of Gozag.
   303 | D        | Found a hazy altar of Hepliaklqana.
   304 | D        | Found a viscous altar of Jiyva.
   305 | D        | Found an ancient bone altar of Kikubaaqudgha.
   306 | D        | Found a corrupted altar of Lugonu.
   307 | D        | Found a burning altar of Makhleb.
   308 | D        | Found a sparkling altar of Nemelex Xobeh.
   309 | D        | Found an iron altar of Okawaru.
   310 | D        | Found a stormy altar of Qazlal.
   311 | D        | Found a sacrificial altar of Ru.
   312 | D        | Found a deep blue altar of Sif Muna.
   313 | D        | Found a bloodstained altar of Trog.
   314 | D        | Found a hide-covered altar of Uskayaw.
   315 | D        | Found a radiant altar of Vehumet.
   316 | D        | Found an ornate altar of the Wu Jian Council.
   317 | D        | Became a worshipper of Warmaster Okawaru
   318 | D        | Found a shimmering altar of Xom.
   319 | D        | Found a basalt altar of Yredelemnul.
   320 | D        | Found a glowing silver altar of Zin.
   321 | D        | Found a glowing golden altar of the Shining One.
   375 | D        | Noticed a two-headed ogre
   375 | D        | Noticed a wraith
   375 | D        | Noticed a wyvern
   389 | D        | Killed a wyvern
   389 | D        | Reached * piety under Okawaru
   389 | D        | Reached skill level 6 in Fighting
   389 | D        | Reached skill level 5 in Armour
   389 | D        | Reached XP level 3. HP: 8/34 MP: 3/3
   389 | D        | Reached XP level 4. HP: 9/40 MP: 4/4
   389 | D        | Reached XP level 5. HP: 11/46 MP: 5/5
   408 | D        | Killed a wraith
   408 | D        | Reached skill level 8 in Fighting
   408 | D        | Reached XP level 6. HP: 34/56 MP: 6/6
   419 | D        | Killed a two-headed ogre
   419 | D        | Reached ** piety under Okawaru
   419 | D        | Reached *** piety under Okawaru
   419 | D        | Reached skill level 10 in Fighting
   419 | D        | Gained mutation: You have sharp toenails. [demonic ancestry]
   419 | D        | Reached XP level 7. HP: 39/66 MP: 7/7
   601 | D        | Noticed a deep elf mage
   601 | D        | Noticed a centaur warrior
   601 | D        | Noticed a hornet
   601 | D        | Noticed a centaur warrior
   608 | D        | Killed a centaur warrior
   608 | D        | Reached **** piety under Okawaru
   608 | D        | Reached ***** piety under Okawaru
   608 | D        | Reached skill level 11 in Fighting
   608 | D        | Reached skill level 10 in Armour
   608 | D        | Reached skill level 10 in Dodging
   608 | D        | Gained mutation: You are partially covered in yellow scales. (AC +2) [demonic ancestry]
   608 | D        | Reached XP level 8. HP: 53/75 MP: 8/8
   617 | D        | Killed a deep elf mage
   617 | D        | Gained mutation: You have razor-sharp toenails. [demonic ancestry]
   617 | D        | Reached XP level 9. HP: 48/82 MP: 9/9
   625 | D        | Reached skill level 12 in Fighting
   628 | D        | Shot with an arrow by a centaur warrior

Skill      XL: |  1  2  3  4  5  6  7  8  9 |
---------------+----------------------------+-----
Armour         | 1 5 7 9 10 11 | 11.0
Dodging        | 3 6 7 9 10 11 | 11.3
Fighting       | 3 6 8 10 11 12 | 12.1
Axes           | |  2.6
Throwing       | |  1.7

Action                   |  1- 3 |  4- 6 |  7- 9 || total
-------------------------+-------+-------+-------++-------
Melee: War axe           |    27 |       |       ||    27
       Quarterstaff      |    10 |    23 |    22 ||    55
       Kick              |       |       |    12 ||    12
  Use: Potion            |       |     2 |     1 ||     3
Armor: Leather armour    |     7 |       |       ||     7
       Chain mail        |     3 |     5 |    13 ||    21
Dodge: Dodged            |    18 |     7 |    10 ||    35
